AoeStats
← ✪

Arabia

506616545Analyzed
1v1 RM · 19d ago on Sep 14, 2026· 38m 31s· 2 players
Game mode
Random Map
Map size
Tiny (2 player)
Population
200
Speed
Normal
Resources
Standard
Victory
Conquest
Starting age
Dark Age
Ending age
Imperial Age
RankedLock teamsTeams togetherTeam positionsShared explorationLock speedFull tech treeHidden civsTurbo modeCheats
Victory
Defeat
🇭🇰 Armenians · Hong Kong SAR China
1076
+15
🇹🇷 Bohemians · Türkiye
1057
-15
✪
8:24 Loom
10:22 Feudal Age
23:01 Castle Age
20:52 Double-Bit Axe
21:16 Fletching
23:44 Bodkin Arrow
30:58 Bow Saw
31:45 Wheelbarrow
34:33 Padded Archer Armor
j.hotc
5:58 Loom
9:53 Feudal Age
9:55 Man-at-Arms
10:39 Double-Bit Axe
14:12 Horse Collar
15:32 Long Swordsman
20:59 Castle Age
19:59 Fletching
20:11 Scale Mail Armor
20:07 Long Swordsman
20:33 Arson
22:32 Wheelbarrow
22:09 Bow Saw
21:51 Gold Mining
22:05 Heavy Plow
22:12 Elite Skirmisher
23:50 Hand Cart
25:01 Gambesons
25:35 Chain Mail Armor
26:19 Town Watch
26:43 Stone Mining
27:29 Gold Shaft Mining
27:54 Squires
29:17 Padded Archer Armor
29:30 Forging
29:21 Padded Archer Armor
29:30 Two-Handed Swordsman
32:44 Iron Casting
32:05 Bodkin Arrow
32:25 Leather Archer Armor
32:13 Champion
39:19 Imperial Age
Connection lost

Rejoining the realm…

Still unreachable

The connection could not be restored.

Session expired

The server has moved on; the page needs a fresh start.